 Dungeon Crawl Stone Soup version 0.30.1-5-ged363bc7ee (webtiles) character file.

Game seed: 267032322337719889

38 H0rd4k the Charlatan (level 3, -1/28 HPs)
             Began as a Human Artificer on Sept 19, 2023.
             Succumbed to an adder's poison
             ... on level 2 of the Dungeon.
             The game lasted 00:01:39 (1675 turns).

H0rd4k the Charlatan (Human Artificer)              Turns: 1675, Time: 00:01:39

Health: -1/28      AC:  3    Str: 18    XL:     3   Next: 65%
Magic:  3/3        EV: 11    Int: 13    God:
Gold:   72         SH:  0    Dex: 13    Spells: 2/2 levels left

rFire   . . .        k - +0 long sword (holy)
rCold   . . .        (no shield)
rNeg    . . .        b - +0 leather armour
rPois   .            (no helmet)
rElec   .            (no cloak)
rCorr   .            (no gloves)
SInv    .            (no boots)
Will    .....        (no amulet)
Stlth   +            i - +6 ring of strength
HPRegen 0.24/turn    (no ring)
MPRegen 0.08/turn

%: no passive effects
@: lethally poisoned (-1 -> -4)
A: hooves 1, robust 1
a: no special abilities


You were on level 2 of the Dungeon.
You visited 1 branch of the dungeon, and saw 2 of its levels.

You collected 72 gold pieces.

Inventory:

Hand Weapons
 k - a +0 long sword of holy wrath (weapon)
Armour
 b - a +0 leather armour (worn)
Jewellery
 f - a ring of ice
 i - a +6 ring of strength (left hand)
Wands
 c - a wand of flame (12) (quivered)
 d - a wand of charming (14)
 e - a wand of iceblast (5)
Scrolls
 a - a scroll of poison {unknown}
 g - 3 scrolls of immolation {unknown}
 h - a scroll of teleportation {unknown}
 m - a scroll of fear {unknown}


   Skills:
 + Level 1.1 Fighting
 + Level 0.4 Long Blades
 - Level 2.0 Armour
 + Level 1.3 Dodging
 - Level 1.0 Stealth
 + Level 4.1 Evocations


You had 2 spell levels left.
You didn't know any spells.
Your spell library was empty.

Dungeon Overview and Level Annotations

Branches:
Dungeon (2/15)

Altars:

Annotations:
D:1 1 exclusion


Innate Abilities, Weirdness & Mutations

You have large cloven feet.
You are robust. (+10% HP)


Message History

You miss the adder. Your kick misses the adder.
You feel sick. The adder bites you. x2
You are too injured to fight recklessly!
You are too injured to fight recklessly!
You are too injured to fight recklessly!
You are too injured to fight recklessly!
An adder is nearby!
An adder is nearby!
You closely miss the adder.
You feel sick. The adder bites you.
* * * LOW HITPOINT WARNING * * *
You are lethally poisoned!
The adder poisons you! The adder barely misses you.
Unknown command.
Aiming: Throw Flame
Press: ? - help, Shift-Dir - straight line, f - adder
Aim: an adder (53% to hit)
The puff of flame hits the adder.
The adder is moderately wounded.
* * * LOW HITPOINT WARNING * * *
You feel very sick. The adder bites you.
* * * LOW HITPOINT WARNING * * *
Aiming: Throw Flame
Press: ? - help, Shift-Dir - straight line, f/p - adder
Aim: an adder (moderately wounded, 53% to hit)
The puff of flame misses the adder.
* * * LOW HITPOINT WARNING * * *
You feel sick. The adder misses you.
Unknown command.
It was a potion of magic.
Magic courses through your body.
* * * LOW HITPOINT WARNING * * *
You feel sick. The adder closely misses you.
The adder bites you but does no damage.
You closely miss the adder.
The adder is moderately wounded.
* * * LOW HITPOINT WARNING * * *
You feel sick. The adder barely misses you. The adder misses you.
You slash the adder! You kick the adder.
You kill the adder!
You die...

#.....##.##...............†....##
########..>.##..######.........##
#...........## ###.##......#.
#.....#..#### #...##........
#.......## ##.#########..#
#.....### ##..# ##... ####..#
###..## #.... ...# #.).## #....
(##.# #@### #######.### #.#
#.......... ..# #.......... ####
#....)....< #......[...
#.......... ...........
#.......... #......^...


There were no monsters in sight!

Vanquished Creatures
  An adder (D:2)
  A dart slug (D:1)
  2 endoplasms
  A giant cockroach (D:1)
  4 goblins
  3 hobgoblins
  2 jackals (D:2)
  4 kobolds
  3 ball pythons
  2 bats
  5 frilled lizards
  2 rats
30 creatures vanquished.

Vanquished Creatures (collateral kills)
  A jackal (D:2)
1 creature vanquished.

Vanquished Creatures (others)
  An adder (D:2)
1 creature vanquished.

Grand Total: 32 creatures vanquished

Notes
Turn   | Place    | Note
-------+----------+-------------------------------------------
     0 | D:1      | H0rd4k the Human Artificer began the quest for the Orb.
     0 | D:1      | Reached XP level 1. HP: 15/15 MP: 1/1
   239 | D:1      | Reached XP level 2. HP: 21/21 MP: 2/2
  1210 | D:2      | Reached XP level 3. HP: 22/26 MP: 3/3
  1292 | D:2      | Reached skill level 4 in Evocations
  1347 | D:2      | Gained mutation: You are robust. (+10% HP) [potion of
                  | mutation]
  1347 | D:2      | Gained mutation: You have large cloven feet. [potion of
                  | mutation]
  1673 | D:2      | HP: 1/28 [poisoned by an adder]
  1675 | D:2      | Succumbed to an adder's poison

Illustrated notes

Levels and vault maps discovered:
D:1:      dpeg_arrival_brainrot, layout_basic
D:2:      layout_rooms, minmay_tree_intersection

Skill      XL: |  1  2  3 |
---------------+----------+-----
Evocations     | 4 |  4.1
Fighting       | |  1.1
Long Blades    | |  0.4
Armour         | |  2.0
Dodging        | |  1.3
Stealth        | |  1.0

Action                     || total
---------------------------++-------
  Melee: Club              ||    45
         Long sword        ||    49
         Punch             ||     1
         Kick              ||     4
  Evoke: Wand              ||     4
    Use: Potion            ||     6
   Stab: Sleeping          ||     4
         Invisible         ||     1
 Armour: Leather armour    ||    27
  Dodge: Dodged            ||    65
